 Dungeon Crawl Stone Soup version 0.17.1-3-g152610e (console) character file.

54 flowsnake the Insei (level 3, -1/23 HPs)
             Began as an Octopode Transmuter on Feb 27, 2016.
             Slain by a giant gecko (3 damage)
             ... on level 2 of the Dungeon.
             The game lasted 00:05:47 (1243 turns).

flowsnake the Insei (Octopode Transmuter)           Turns: 1243, Time: 00:05:48

Health: -1/23      AC:  1    Str:  9    XL:     3   Next: 91%
Magic:  6/6        EV: 12    Int: 16    God:
Gold:   46         SH:  0    Dex: 12    Spells: 2 memorised, 2 levels left

rFire  . . .     SeeInvis .       - Unarmed
rCold  . . .     Clarity  .     (no shield)
rNeg   . . .     SustAt   .     (helmet restricted)
rPois  .         Gourm    .     (no amulet)
rElec  .         Spirit   .     (no ring)
rCorr  .         Warding  .     (no ring)
rMut   .         Stasis   .     (no ring)
MR     .....                    (no ring)
Stlth  +++.......               (no ring)
                                (no ring)
                                (no ring)
                                (no ring)

@: lethally poisoned (-1 -> -4), appendage (expiring), very slightly
contaminated, not resistant to hostile enchantments, fairly stealthy
A: almost no armour, amphibious, 8 rings, constrict 8, tentacle spike 3,
camouflage 1, gelatinous body 1
a: End Transformation


You were on level 2 of the Dungeon.
You were not hungry.
One of your tentacles had a temporary spike.
You visited 1 branch of the dungeon, and saw 2 of its levels.

You collected 46 gold pieces.

Inventory:

Missiles
 a - 40 arrows
Scrolls
 f - a scroll of identify
 h - 2 scrolls of enchant armour
 j - a scroll of teleportation {unknown}
Potions
 d - a potion of invisibility
 e - a potion of agility
 g - a potion of flight
Books
 b - a book of Changes

   Spells                             Type                      Level
   a - Beastly Appendage              Transmutation                1
   b - Sticks to Snakes               Transmutation                2
   c - Spider Form                    Transmutation/Poison         3
   d - Ice Form                       Ice/Transmutation            4
   e - Blade Hands                    Transmutation                5
Comestibles
 c - a bread ration
 i - 5 chunks of flesh


   Skills:
 + Level 1.3 Fighting
 + Level 2.4 Dodging
 + Level 1.5 Stealth
 + Level 3.8 Unarmed Combat
 + Level 2.1 Spellcasting
 + Level 2.2 Transmutations


You had 2 spell levels left.
You knew the following spells:

 Your Spells              Type           Power        Failure   Level  Hunger
a - Beastly Appendage     Trmt           #.....       10%         1    #......
b - Spider Form           Trmt/Pois      #.........   38%         3    ###....


Dungeon Overview and Level Annotations

Branches:
Dungeon (2/15)

Altars:
Gozag
Trog


Innate Abilities, Weirdness & Mutations

You cannot wear most types of armour.
You are amphibious.
You can wear up to eight rings at the same time.
You can use your tentacles to constrict eight enemies at once.
Your skin changes colour to match your surroundings (Stealth).
Your rubbery body absorbs attacks (AC +1).
One of your tentacles bears a large vicious spike.


Message History

You tentacle-slap the adder, but do no damage.
You squeeze the adder.
You kill the adder!
Drink which item? (? for menu, Esc to quit)
It was a potion of magic.
Magic courses through your body.
Unknown command.
You feel sick.
A giant gecko comes into view.
Your transformation is almost over.
You feel sick.
The giant gecko bites you but does no damage.
You tentacle-slap the giant gecko. Your grab misses the giant gecko.
Your tentacle spike misses the giant gecko.
The giant gecko is moderately wounded.
The giant gecko bites you.
* * * LOW HITPOINT WARNING * * *
You tentacle-slap the giant gecko. You grab the giant gecko.
The giant gecko is severely wounded.
You constrict the giant gecko. The giant gecko bites you.
You die... ████·[███·█ ███····<█ ██····██ █·█ █······██ ···████ █·████·█··███ ···█ █···█··█·██ █ ···█ ███····█·█ █· ···█ █········█ ·███ ···█ ███·██·█··██ █████ ··██████████ (·██████······██·█ ██···██ █·██·······███ ██·······█··████·█ ████·(···█ █·██········· ██·███████·██ █·· ········█ █·····████·███ █··█ █·█ ████

█·█····█████··█·██·····██ █·██ █·█
████····█···████···█·······█ ··█
█·█████████······██·⌂··█ █···█·······█
███
█···············>·····)███·······⌂····
█
█████████···███████··█·······█xl·····█
█ █·███ ██·███·····█·······█ ···█
█·██······██·····██


█████ █····██·^·█ ██·███ ····█ █······ ··· ███··· █····██ ··█ ████·██████ ██ You
could see a giant gecko.

Vanquished Creatures
  An adder (D:2)
  A worm (D:2)
  7 bats
  4 goblins (D:1)
  8 hobgoblins
  2 giant cockroaches
  3 giant newts (D:1)
  7 jackals (D:1)
  6 kobolds
  4 rats (D:1)
43 creatures vanquished.

Notes
Turn   | Place    | Note
--------------------------------------------------------------
     0 | D:1      | flowsnake the Octopode Transmuter began the quest for the Orb.
     0 | D:1      | Reached XP level 1. HP: 13/13 MP: 3/3
   150 | D:1      | Reached XP level 2. HP: 11/18 MP: 5/5
   370 | D:1      | Reached XP level 3. HP: 20/23 MP: 6/6
   397 | D:1      | Learned a level 3 spell: Spider Form
   815 | D:1      | Reached skill level 1 in Stealth
  1191 | D:2      | Found a bloodstained altar of Trog.
  1211 | D:2      | Found an opulent altar of Gozag.
  1242 | D:2      | HP: 1/23 [giant gecko (2)]
  1243 | D:2      | Slain by a giant gecko

Action                   || total
-------------------------++-------
Melee: Unarmed           ||    89
 Cast: Beastly Appendage ||     6
  Use: Scroll            ||     5
       Potion            ||     1
 Stab: Sleeping          ||     9
  Eat: Chunk             ||     1
